TOP OF THE 1ST |
Atlanta Braves batting - Pitching for Washington Nationals : LHP Dale Ahernfeld
|
Pitching: LHP Dale Ahernfeld
|
|
Batting: RHB Danny Anderson
|
0-0: Fly out, F6 (Popup, P, EV 80.6 MPH)
|
Batting: LHB Xavier Pittman
|
0-0: Ball 1-0: Ball 2-0: Ball 3-0: Called Strike 3-1: Base on Balls
|
Batting: RHB Butch Kaiser
|
0-0: Grounds into double play, 4-6-3 (Groundball, 34, EV 85.6 MPH)
|
Top of the 1st over - 0 runs, 0 hits, 0 errors, 0 left on base; Atlanta 0 - Washington 0 |
BOTTOM OF THE 1ST |
Washington Nationals batting - Pitching for Atlanta Braves : RHP Victor Torres
|
Pitching: RHP Victor Torres
|
|
Batting: RHB Luis Torres
|
0-0: Foul Ball, location: 2F 0-1: Swinging Strike 0-2: Strikes out swinging
|
Batting: RHB Tommy Baird
|
0-0: Foul Ball, location: 2F 0-1: SINGLE (Groundball, 6D, EV 94.4 MPH)
|
Batting: RHB John Sanders
|
0-0: Ball 1-0: Ball 2-0: Called Strike 2-1: Ball 3-1: Fly out, F9 (Line Drive, 9, EV 87.5 MPH)
|
Batting: LHB Armando Carbajal
|
0-0: Swinging Strike 0-1: Ball 1-1: Ball 2-1: Called Strike 2-2: Ball 3-2: Ground out 4-3 (Groundball, 34D, EV 103.1 MPH)
|
Bottom of the 1st over - 0 runs, 1 hit, 0 errors, 1 left on base; Atlanta 0 - Washington 0 |
TOP OF THE 2ND |
Atlanta Braves batting - Pitching for Washington Nationals : LHP Dale Ahernfeld
|
Batting: SHB Ken Welch
|
0-0: Ball 1-0: Called Strike 1-1: Ball 2-1: Fly out, F4 (Line Drive, 4, EV 73.8 MPH)
|
Batting: RHB Ray Llewellyn
|
0-0: Swinging Strike 0-1: Ground out 4-3 (Groundball, 4, EV 98.8 MPH)
|
Batting: RHB Jim Zucco
|
0-0: Ground out 3-1 (Groundball, 34S, EV 83.1 MPH)
|
Top of the 2nd over - 0 runs, 0 hits, 0 errors, 0 left on base; Atlanta 0 - Washington 0 |
BOTTOM OF THE 2ND |
Washington Nationals batting - Pitching for Atlanta Braves : RHP Victor Torres
|
Batting: LHB Yasahiko Teshima
|
0-0: SINGLE (Line Drive, 6MD, EV 98.1 MPH)
|
Batting: RHB Dan Fallon
|
0-0: Ball 1-0: Ball 2-0: Ball 3-0: Fly out, F3 (Popup, 3SF, EV 82.5 MPH)
|
Batting: RHB Jared Speck
|
0-0: Ball Wild Pitch! Yasahiko Teshima to second 1-0: Ball 2-0: Fly out, F5 (Line Drive, 5, EV 63.8 MPH)
|
Batting: RHB Luis Ramos
|
0-0: Ball 1-0: Called Strike 1-1: Ball 2-1: Foul Ball, location: 2F 2-2: Ball 3-2: Ground out 6-3 (Groundball, 6, EV 87.5 MPH)
|
Bottom of the 2nd over - 0 runs, 1 hit, 0 errors, 1 left on base; Atlanta 0 - Washington 0 |
TOP OF THE 3RD |
Atlanta Braves batting - Pitching for Washington Nationals : LHP Dale Ahernfeld
|
Batting: LHB Colin Worthington
|
0-0: Called Strike 0-1: Called Strike 0-2: Ball 1-2: Foul Ball, location: 2F 1-2: Ball 2-2: Foul Ball, location: 2F 2-2: Ball 3-2: Base on Balls
|
Batting: LHB Curt Nelson
|
0-0: SINGLE (Line Drive, 9LS, EV 93.1 MPH) Colin Worthington to second Runner from 2nd tries for 3rd, SAFE, throw by RF made to third
|
Batting: LHB Tom Best
|
0-0: Ball 1-0: Called Strike 1-1: Ball 2-1: Fielders Choice at 2nd, 4-6 (Groundball, 34S, EV 86.9 MPH) Colin Worthington scores
|
Batting: RHB Danny Anderson
|
0-0: Called Strike 0-1: Ball 1-1: SINGLE (Line Drive, 4M, EV 105.6 MPH) Tom Best to second
|
Batting: LHB Xavier Pittman
|
0-0: Foul Ball, location: 2F 0-1: Foul Ball, location: 2F 0-2: Strikes out swinging
|
Batting: RHB Butch Kaiser
|
0-0: Fly out, F4 (Line Drive, 4, EV 66.3 MPH)
|
Top of the 3rd over - 1 run, 2 hits, 0 errors, 2 left on base; Atlanta 1 - Washington 0 |
BOTTOM OF THE 3RD |
Washington Nationals batting - Pitching for Atlanta Braves : RHP Victor Torres
|
Batting: RHB Masashi Yukizawa
|
0-0: Ball 1-0: Swinging Strike 1-1: Ball 2-1: Ball 3-1: Foul Ball, location: 2F 3-2: Base on Balls
|
Batting: RHB Luis Torres
|
0-0: Called Strike Masashi Yukizawa steals 2nd base 0-1: Ball 1-1: Ball 2-1: Ball 3-1: Foul Ball, location: 2F 3-2: Foul Ball, location: 2F 3-2: Fly out, F8 (Flyball, 8RD, EV 88.8 MPH) Runner from 2nd tags up, SAFE at 3rd with throw by CF
|
Batting: RHB Tommy Baird
|
0-0: Called Strike 0-1: Ground out U3 (Groundball, 34S, EV 66.3 MPH) Masashi Yukizawa scores
|
Batting: RHB John Sanders
|
0-0: Swinging Strike 0-1: Foul Ball, location: 2F 0-2: Strikes out swinging
|
Bottom of the 3rd over - 1 run, 0 hits, 0 errors, 0 left on base; Atlanta 1 - Washington 1 |
TOP OF THE 4TH |
Atlanta Braves batting - Pitching for Washington Nationals : LHP Dale Ahernfeld
|
Batting: SHB Ken Welch
|
0-0: Ball 1-0: Fly out, F7 (Flyball, 7, EV 86.3 MPH)
|
Batting: RHB Ray Llewellyn
|
0-0: Foul Ball, location: 2F 0-1: Ball 1-1: SINGLE (Groundball, 56S, EV 71.9 MPH) (infield hit)
|
Batting: RHB Jim Zucco
|
0-0: Ball 1-0: Foul Ball, location: 2F 1-1: Swinging Strike 1-2: Ball 2-2: Strikes out swinging
|
Batting: LHB Colin Worthington
|
0-0: Ball 1-0: Called Strike 1-1: Ball 2-1: SINGLE (Groundball, 34S, EV 65.6 MPH) (infield hit) Ray Llewellyn to second
|
Batting: LHB Curt Nelson
|
0-0: Ball 1-0: Ball 2-0: Called Strike 2-1: Foul Ball, location: 2F 2-2: SINGLE (Flyball, 8LS, EV 88.8 MPH) Ray Llewellyn to third Colin Worthington to second Runner from 3rd tries for Home, throw by CF and OUT! 8-2
|
Top of the 4th over - 0 runs, 3 hits, 0 errors, 2 left on base; Atlanta 1 - Washington 1 |
BOTTOM OF THE 4TH |
Washington Nationals batting - Pitching for Atlanta Braves : RHP Victor Torres
|
Batting: LHB Armando Carbajal
|
0-0: Ball 1-0: Ball 2-0: SOLO HOME RUN (Flyball, 9D, EV 97.5 MPH), Distance : 369 ft
|
Batting: LHB Yasahiko Teshima
|
0-0: Swinging Strike 0-1: Fly out, F7 (Flyball, 7LD, EV 87.5 MPH)
|
Batting: RHB Dan Fallon
|
0-0: Ball 1-0: Called Strike 1-1: Called Strike 1-2: Ball 2-2: SINGLE (Line Drive, 56D, EV 95.0 MPH)
|
Batting: RHB Jared Speck
|
0-0: Grounds into double play, 6-4-3 (Groundball, 6S, EV 86.9 MPH)
|
Bottom of the 4th over - 1 run, 2 hits, 0 errors, 0 left on base; Atlanta 1 - Washington 2 |
TOP OF THE 5TH |
Atlanta Braves batting - Pitching for Washington Nationals : LHP Dale Ahernfeld
|
Batting: LHB Tom Best
|
0-0: Called Strike 0-1: Called Strike 0-2: Foul Ball, location: 2F 0-2: Fly out, F8 (Flyball, 8LM, EV 91.9 MPH)
|
Batting: RHB Danny Anderson
|
0-0: Called Strike 0-1: Called Strike 0-2: Ball 1-2: Fly out, F9 (Flyball, 9, EV 92.5 MPH)
|
Batting: LHB Xavier Pittman
|
0-0: Ground out 5-3 (Groundball, 56, EV 106.9 MPH)
|
Top of the 5th over - 0 runs, 0 hits, 0 errors, 0 left on base; Atlanta 1 - Washington 2 |
BOTTOM OF THE 5TH |
Washington Nationals batting - Pitching for Atlanta Braves : RHP Victor Torres
|
Batting: RHB Luis Ramos
|
0-0: SINGLE (Groundball, 25, EV 73.1 MPH) (infield hit)
|
Batting: RHB Masashi Yukizawa
|
0-0: Ball 1-0: Swinging Strike 1-1: Ball 2-1: Foul Ball, location: 2F 2-2: SINGLE (Groundball, 56S, EV 67.5 MPH) (infield hit) Luis Ramos to second
|
Batting: RHB Luis Torres
|
0-0: Called Strike 0-1: SINGLE (Groundball, 56, EV 100.0 MPH) Luis Ramos to third Masashi Yukizawa to second
|
Batting: RHB Tommy Baird
|
0-0: Swinging Strike 0-1: Ball 1-1: Swinging Strike 1-2: Foul Ball, location: 2F 1-2: Foul Ball, location: 2F 1-2: Ball 2-2: Strikes out swinging
|
Batting: RHB John Sanders
|
0-0: Ball 1-0: Fly out, F8 (Flyball, 8LXD, EV 103.8 MPH) Runner from 3rd tags up, SCORES, no throw by CF Masashi Yukizawa to third
|
Batting: LHB Armando Carbajal
|
0-0: Called Strike 0-1: Foul Ball, location: 2F 0-2: Ball 1-2: Strikes out swinging
|
Bottom of the 5th over - 1 run, 3 hits, 0 errors, 2 left on base; Atlanta 1 - Washington 3 |
TOP OF THE 6TH |
Atlanta Braves batting - Pitching for Washington Nationals : LHP Dale Ahernfeld
|
Batting: RHB Butch Kaiser
|
0-0: Foul Ball, location: 2F 0-1: Foul Ball, location: 2F 0-2: Ground out 5-3 (Groundball, 56, EV 90.6 MPH)
|
Batting: SHB Ken Welch
|
0-0: Called Strike 0-1: Fly out, F4 (Flyball, 4D, EV 88.8 MPH)
|
Batting: RHB Ray Llewellyn
|
0-0: Called Strike 0-1: Ball 1-1: Ball 2-1: Foul Ball, location: 2F 2-2: SINGLE (Groundball, 4MD, EV 100.0 MPH)
|
Batting: RHB Jim Zucco
|
0-0: Ball 1-0: Swinging Strike 1-1: Ball 2-1: Fly out, F9 (Flyball, 9, EV 84.4 MPH)
|
Top of the 6th over - 0 runs, 1 hit, 0 errors, 1 left on base; Atlanta 1 - Washington 3 |
BOTTOM OF THE 6TH |
Washington Nationals batting - Pitching for Atlanta Braves : RHP Victor Torres
|
Batting: LHB Yasahiko Teshima
|
0-0: Ball 1-0: Ball 2-0: Called Strike 2-1: Fly out, F5 (Line Drive, 6, EV 72.5 MPH)
|
Batting: RHB Dan Fallon
|
0-0: Ground out 4-3 (Groundball, 4, EV 91.3 MPH)
|
Batting: RHB Jared Speck
|
0-0: Ball 1-0: DOUBLE (Flyball, 8LXD, EV 95.6 MPH)
|
Batting: RHB Luis Ramos
|
0-0: Ball 1-0: Ground out 5-3 (Groundball, 56, EV 86.3 MPH)
|
Bottom of the 6th over - 0 runs, 1 hit, 0 errors, 1 left on base; Atlanta 1 - Washington 3 |
TOP OF THE 7TH |
Atlanta Braves batting - Pitching for Washington Nationals : LHP Dale Ahernfeld
|
Batting: LHB Colin Worthington
|
0-0: Called Strike 0-1: Ball 1-1: Foul Ball, location: 2F 1-2: Ball 2-2: Ball 3-2: Fly out, F9 (Flyball, 9S, EV 88.1 MPH)
|
Batting: LHB Curt Nelson
|
0-0: Swinging Strike 0-1: Ball 1-1: Fly out, F8 (Flyball, 8RM, EV 80.0 MPH)
|
Batting: LHB Tom Best
|
0-0: Ball 1-0: Ball 2-0: Foul Ball, location: 2F 2-1: Foul Ball, location: 2F 2-2: Ball 3-2: Foul Ball, location: 2F 3-2: Strikes out swinging
|
Top of the 7th over - 0 runs, 0 hits, 0 errors, 0 left on base; Atlanta 1 - Washington 3 |
BOTTOM OF THE 7TH |
Washington Nationals batting - Pitching for Atlanta Braves : RHP Victor Torres
|
Batting: RHB Masashi Yukizawa
|
0-0: Ball 1-0: Swinging Strike 1-1: Ground out U3 (Groundball, 34, EV 97.5 MPH)
|
Batting: RHB Luis Torres
|
0-0: Called Strike 0-1: Ball 1-1: Ball 2-1: Ball 3-1: Called Strike 3-2: SOLO HOME RUN (Flyball, 7D, EV 94.4 MPH), Distance : 362 ft
|
Batting: RHB Tommy Baird
|
0-0: Called Strike 0-1: Ball 1-1: Ball 2-1: Swinging Strike 2-2: Foul Ball, location: 2F 2-2: Foul Ball, location: 2F 2-2: Ball 3-2: Ground out 5-3 (Groundball, 56, EV 98.8 MPH)
|
Batting: RHB John Sanders
|
0-0: Ball 1-0: Foul Ball, location: 2F 1-1: Ball 2-1: Foul Ball, location: 2F 2-2: Foul Ball, location: 2F 2-2: Ball 3-2: Base on Balls
|
Pitching: LHP Micah Basinger
|
|
Batting: LHB Armando Carbajal
|
0-0: Called Strike 0-1: Ball 1-1: Foul Ball, location: 2F 1-2: Strikes out swinging
|
Bottom of the 7th over - 1 run, 1 hit, 0 errors, 1 left on base; Atlanta 1 - Washington 4 |
TOP OF THE 8TH |
Atlanta Braves batting - Pitching for Washington Nationals : LHP Dale Ahernfeld
|
Pitching: LHP Chris Baran
|
|
Now in CF: Andrew Wray II
|
|
Now in RF: Luis Ramos
|
|
Batting: RHB Danny Anderson
|
0-0: Ball 1-0: Ball 2-0: Ball 3-0: Called Strike 3-1: Foul Ball, location: 2F 3-2: Strikes out looking
|
Batting: LHB Xavier Pittman
|
0-0: Ground out 4-3 (Groundball, 4, EV 87.5 MPH)
|
Batting: RHB Butch Kaiser
|
0-0: Ball 1-0: Ball 2-0: Called Strike 2-1: Ball 3-1: Foul Ball, location: 2F 3-2: Ground out U3 (Groundball, 34, EV 93.1 MPH)
|
Top of the 8th over - 0 runs, 0 hits, 0 errors, 0 left on base; Atlanta 1 - Washington 4 |
BOTTOM OF THE 8TH |
Washington Nationals batting - Pitching for Atlanta Braves : LHP Micah Basinger
|
Batting: LHB Yasahiko Teshima
|
0-0: Foul Ball, location: 2F 0-1: Foul Ball, location: 2F 0-2: Ball 1-2: Strikes out swinging
|
Pitching: RHP Adam Bonawitz
|
|
Batting: RHB Dan Fallon
|
0-0: Foul Ball, location: 2F 0-1: Ball 1-1: SOLO HOME RUN (Flyball, 7D, EV 102.5 MPH), Distance : 383 ft
|
Batting: RHB Jared Speck
|
0-0: Foul Ball, location: 2F 0-1: Ball 1-1: Called Strike 1-2: Ball 2-2: Ball 3-2: Strikes out swinging
|
Batting: RHB Luis Ramos
|
0-0: Called Strike 0-1: Called Strike 0-2: Ball 1-2: Ball 2-2: SINGLE (Line Drive, 3L, EV 96.9 MPH)
|
Batting: RHB Masashi Yukizawa
|
0-0: Called Strike Luis Ramos steals 2nd base 0-1: Ball 1-1: Ball 2-1: Ground out 6-3 (Groundball, 6, EV 86.9 MPH)
|
Bottom of the 8th over - 1 run, 2 hits, 0 errors, 1 left on base; Atlanta 1 - Washington 5 |
TOP OF THE 9TH |
Atlanta Braves batting - Pitching for Washington Nationals : LHP Chris Baran
|
Batting: SHB Ken Welch
|
0-0: Ball 1-0: Swinging Strike 1-1: Ball 2-1: Foul Ball, location: 2F 2-2: Foul Ball, location: 2F 2-2: Ground out 5-3 (Groundball, 56, EV 89.4 MPH)
|
Batting: RHB Ray Llewellyn
|
0-0: Ball 1-0: Ball 2-0: Foul Ball, location: 2F 2-1: Foul Ball, location: 2F 2-2: Ball 3-2: Foul Ball, location: 2F 3-2: Base on Balls
|
Batting: RHB Jim Zucco
|
0-0: Called Strike 0-1: Foul Ball, location: 2F 0-2: Ball 1-2: Ball 2-2: Foul Ball, location: 2F 2-2: Ball 3-2: Foul Ball, location: 2F 3-2: DOUBLE (Line Drive, 8RXD, EV 103.1 MPH) Ray Llewellyn to third
|
Batting: LHB Colin Worthington
|
0-0: Called Strike 0-1: Ball 1-1: Foul Ball, location: 2F 1-2: Foul Ball, location: 2F 1-2: Foul Ball, location: 2F 1-2: Ball 2-2: Foul Ball, location: 2F 2-2: Foul Ball, location: 2F 2-2: Ground out 6-3 (Groundball, 6, EV 110.0 MPH) Ray Llewellyn scores
|
Pitching: RHP Manuel Romero
|
|
Now at 1B: Junzo Kato
|
|
Now in LF: Andrew Wray II
|
|
Now in CF: Luis Ramos
|
|
Now in RF: C.J. Beavers
|
|
Batting: LHB Curt Nelson
|
0-0: Called Strike 0-1: Foul Ball, location: 2F 0-2: Ball 1-2: Ball 2-2: Foul Ball, location: 2F 2-2: DOUBLE (Flyball, 8RXD, EV 103.8 MPH) Jim Zucco scores
|
Batting: LHB Tom Best
|
0-0: Ball 1-0: Ball 2-0: Ball 3-0: Foul Ball, location: 2F 3-1: Base on Balls
|
Batting: RHB Danny Anderson
|
0-0: Called Strike 0-1: Called Strike 0-2: Fly out, F8 (Flyball, 8RM, EV 85.6 MPH)
|
Top of the 9th over - 2 runs, 2 hits, 0 errors, 2 left on base; Atlanta 3 - Washington 5 |
|